Description

In this build order I show you how to defend a proxy Factory and of course how to scout it.

Notes :

  • The forge reaction works against both proxy Marauder and proxy Factory
  • Don't use your second chronoboost if you don't know what happen
  • Send directly the zealot to the opponent base
  • Block the wall with a pylon
  • Don't forget to add 2 shield batteries in your base

VOD

https://youtu.be/FMaKB2WksV4

Replay - llllllllllll v minnovation - Ephemeron LE

Build Order

Get SALT Encoding   

  12  0:01  Probe  
  13  0:13  Probe  
  14  0:18  Pylon  
  14  0:25  Probe (Chrono Boost)  
  15  0:37  Probe (Chrono Boost)  
  15  0:39  Gateway  
  15  0:42  Probe (Chrono Boost)  
  16  0:48  Assimilator  
  17  0:54  Probe  
  18  1:06  Probe  
  19  1:18  Probe  
  19  1:21  Assimilator  
  19  1:25  Zealot (Chrono Boost)  
  20  1:27  Cybernetics Core  
  22  1:35  Pylon  
  22  1:42  Pylon  
  22  1:50  Probe  
  23  2:02  Stalker (Chrono Boost)  
  23  2:04  Pylon  
  23  2:05  Warp Gate  
  25  2:12  Shield Battery  
  25  2:23  Stalker (Chrono Boost)  
  25  2:27  Shield Battery  
  27  2:50  Probe  
  28  2:53  Robotics Facility  
  28  3:02  Stalker  
  31  3:07  Pylon  
  32  3:23  Gateway  
Spawning Tool Build Advisor. Get it on Overwolf

Go to:

Details

  • Created by: zuka      
  • Published on: Mar 14, 2020
  • Modified on: Mar 14, 2020
  • Patch: 4.11.0
Show
View Real Time Build Order
Export as new Build Order

Comments (0)

There are no comments. Be the first!

Create an account to comment!